 Dungeon Crawl Stone Soup version 0.29-a0-333-gb4c28e87c6 (webtiles) character file.

Game seed: 14425375419407667221

296 Jortsu the Chopper (level 6, -2/48 HPs)
             Began as a Demonspawn Fighter on Apr 13, 2022.
             Was a Believer of Cheibriados.
             Slain by a hornet (7 damage)
             ... on level 4 of the Dungeon.
             The game lasted 00:05:20 (2714 turns).

Jortsu the Chopper (Demonspawn Fighter)             Turns: 2714, Time: 00:05:20

Health: -2/48      AC: 12    Str: 24    XL:     6   Next: 12%
Magic:  3/6        EV: 10    Int: 14    God:    Cheibriados [**....]
Gold:   212        SH:  6    Dex: 21    Spells: 5/5 levels left

rFire   + . .      SeeInvis .   a - +1 war axe
rCold   . . .      Faith    .   c - +0 buckler
rNeg    . . .      Spirit   .   k - +2 ring mail of Midwinter {Regen+ Slay+3}
rPois   .          Reflect  .   (no helmet)
rElec   .          Harm     .   l - +0 cloak
rCorr   .          Rampage  .   (no gloves)
Will    .....                   (no boots)
Stlth   +++.......              (no amulet)
HPRegen 0.96/turn               e - ring of protection from fire
MPRegen 0.10/turn               h - +4 ring of protection

@: lethally poisoned (-2 -> -5), slowed, very slow
A: hooves 1, thin skeletal structure 2, spiny 1
a: Renounce Religion, Bend Time


You were on level 4 of the Dungeon.
You worshipped Cheibriados.
Cheibriados was pleased with you.
You visited 1 branch of the dungeon, and saw 4 of its levels.

You collected 212 gold pieces.

Inventory:

Hand Weapons
 a - a +1 war axe (weapon)
Armour
 c - a +0 buckler (worn)
 k - the +2 ring mail of Midwinter (worn) {Regen+ Slay+3}
   (You found it on level 4 of the Dungeon)

   Slay:      It affects your accuracy & damage with ranged weapons and melee
   (+3).
   Regen:     It increases your rate of health regeneration.
 l - a +0 cloak (worn)
Jewellery
 b - a ring of fire
 e - a ring of protection from fire (left hand)
 h - a +4 ring of protection (right hand)
Scrolls
 f - 2 scrolls of teleportation
 g - a scroll of magic mapping {unknown}
 i - 2 scrolls of torment
 m - 3 scrolls of enchant armour
 o - a scroll of amnesia
 q - a scroll of identify
 r - a scroll of brand weapon {unknown}
Potions
 d - 6 potions of might
 j - a potion of curing
 n - a potion of cancellation
 p - a potion of lignification


   Skills:
 + Level 3.7 Fighting
 + Level 4.4 Axes
 + Level 3.6 Armour
 + Level 0.6 Dodging
 + Level 0.4 Stealth
 + Level 3.0 Shields


You had 5 spell levels left.
You didn't know any spells.
Your spell library contained the following spells:

 Spells                   Type           Power      Damage    Failure   Level
 Corpse Rot               Necr/Air       0%         N/A       65%         2
 Gell's Gravitas          Tloc           0%         N/A       86%         3
 Teleport Other           Tloc           0%         N/A       86%         3
 Irradiate                Conj/Tmut      0%         3d13      100%        5
 Lightning Bolt           Conj/Air       0%         1d11      100%        5
 Dispersal                Tloc           0%         N/A       100%        6
 Eringya's Noxious Bog    Tmut/Pois      0%         N/A       100%        6


Dungeon Overview and Level Annotations

Branches:
Dungeon (4/15)             Temple (0/1) D:4

Altars:
Cheibriados

Shops:
D:3 [   D:4 (


Innate Abilities, Weirdness & Mutations

You have large cloven feet.
You have a moderately thin skeletal structure. (Dex +4, Stealth++)
You are partially covered in sharp spines.


Message History

You open the door.
A hobgoblin comes into view.
There is an open door here.
The helpless hobgoblin fails to defend itself.
You slash the hobgoblin!
You kill the hobgoblin!
Cheibriados thoroughly appreciates the change of pace.
You see here a hobgoblin corpse.
You open the door.
A hornet comes into view.
Found a potion of curing.
Found a brown potion and a trident.
There is an open door here.
The hornet buzzes angrily.
The flow of time bends around you.
The hornet resists with some effort.
The hornet stings you.
You feel yourself slow down. The hornet stings you!
You feel as though you will be slow longer.
You hit the hornet but do no damage. The hornet is struck by your spines.
The hornet closely misses you. The hornet barely misses you.
You hit the hornet but do no damage. You kick the hornet.
The hornet is lightly wounded.
You feel yourself speed up. The hornet stings you.
You are poisoned.
You feel yourself slow down. You block the hornet's attack.
The hornet stings you!
You are more poisoned.
You feel as though you will be slow longer.
The hornet stings you!
* * * LOW HITPOINT WARNING * * *
You feel as though you will be slow longer.
You hit the hornet. Your kick misses the hornet.
The hornet is moderately wounded.
* * * LOW HITPOINT WARNING * * *
You feel very sick. The hornet is struck by your spines. The hornet stings you.
* * * LOW HITPOINT WARNING * * *
You feel as though you will be slow longer.
The hornet stings you!
You die...

#### ####+#### ...#
#..!....# ...#
##.......##
##...#..+..)......+
.......# ...!.....##
<......# ......y...#
#+#...#+# .......#
#......@#####.......####
.....###
#+#...#'#.#...........#.
......#
#####...##.........##.
...##.+
#......+.........+..
...# ##
#......##.......##..
.#...#
#...†...#.......#...
.###.#
+.......####'####...
.#####
#.......#.......#...
.....#
#......##.......##..


You could see a hornet.

Vanquished Creatures
  A scorpion (D:4)
  Blork the orc (D:4)
  A bullfrog zombie (D:4)
  An orc priest (D:3)
  3 hound zombies (D:4)
  An adder zombie (D:4)
  An adder skeleton (D:4)
  3 dart slugs
  2 orcs (D:3)
  2 ball pythons (D:3)
  4 endoplasms
  4 giant cockroaches
  3 goblins
  3 hobgoblins
  3 jackals (D:1)
  3 quokkas
  6 bats
  2 frilled lizards
  8 kobolds
  2 rats
54 creatures vanquished.

Notes
Turn   | Place    | Note
-------+----------+-------------------------------------------
     0 | D:1      | Jortsu the Demonspawn Fighter began the quest for the Orb.
     0 | D:1      | Reached XP level 1. HP: 18/18 MP: 1/1
   210 | D:1      | Reached skill level 2 in Axes
   210 | D:1      | Gained mutation: You are partially covered in sharp spines.
                  | [demonic ancestry]
   210 | D:1      | Reached XP level 2. HP: 23/24 MP: 2/2
   556 | D:1      | Found a faded altar of an unknown god.
   564 | D:1      | Prayed at the altar of an unknown god.
   564 | D:1      | Became a worshipper of Cheibriados the Contemplative
   564 | D:1      | Reached * piety under Cheibriados
  1507 | D:2      | Gained mutation: You have a somewhat thin skeletal
                  | structure. (Dex +2, Stealth+) [demonic ancestry]
  1507 | D:2      | Reached XP level 3. HP: 25/29 MP: 3/3
  1925 | D:3      | Found Itryjeat's Antique Armour Shop.
  1931 | D:3      | Got the Compendium of Shifting Weightlessness
  2040 | D:3      | Reached XP level 4. HP: 32/35 MP: 4/4
  2100 | D:3      | Reached ** piety under Cheibriados
  2137 | D:3      | Identified the +6 ring mail "Paczak" {Will+ Int+3}
  2161 | D:3      | Reached skill level 3 in Axes
  2465 | D:4      | Identified the +2 ring mail of Midwinter {Regen+ Slay+3}
  2491 | D:4      | Gained mutation: You have large cloven feet. [demonic
                  | ancestry]
  2491 | D:4      | Reached XP level 5. HP: 41/41 MP: 5/5
  2525 | D:4      | Reached skill level 4 in Axes
  2527 | D:4      | Found Okaopo's Antique Weapon Shoppe.
  2562 | D:4      | Noticed Blork the orc
  2575 | D:4      | Killed Blork the orc
  2576 | D:4      | Gained mutation: You have a moderately thin skeletal
                  | structure. (Dex +4, Stealth++) [demonic ancestry]
  2576 | D:4      | Reached XP level 6. HP: 32/48 MP: 3/6
  2649 | D:4      | Found a staircase to the Ecumenical Temple.
  2708 | D:4      | Noticed a hornet
  2714 | D:4      | Slain by a hornet

Illustrated notes

Levels and vault maps discovered:
D:1:      dpeg_arrival_lava_temple_mockup, layout_loops_ring,
          hellmonk_ecumenical_altar_zigzags
D:2:      layout_loops_corners, skrybe_limestone_x, minmay_pentomino_s2
D:3:      layout_basic, serial_shops, shop_fountains, grunt_ministairs_10,
          dk_noncrumbling_4
D:4:      nicolae_cairo_tiling_very_big, layout_rooms,
          minmay_temple_entry_enclosed_plants, serial_shops,
          nicolae_take_the_stairs, serial_undead, serial_undead_e,
          serial_undead_e, serial_undead_e, serial_undead_e, serial_undead_e,
          glass_columns_a, chequers_mini_garden, uniq_blork_the_orc

Skill      XL: |  1  2  3  4  5 |
---------------+----------------+-----
Axes           | 2 3 4 |  4.4
Armour         | 3 |  3.6
Shields        | 3 |  3.0
Fighting       | |  3.7
Dodging        | |  0.6
Stealth        | |  0.4

Action                   |  1- 3 |  4- 6 || total
-------------------------+-------+-------++-------
Melee: War axe           |    57 |    41 ||    98
       Kick              |       |     6 ||     6
Invok: Bend Time         |       |     2 ||     2
  Use: Scroll            |     5 |     4 ||     9
 Stab: Sleeping          |       |     2 ||     2
Armor: Scale mail        |    24 |       ||    24
       Chain mail        |    14 |    13 ||    27
       Ring mail         |       |    18 ||    18
Dodge: Dodged            |    25 |    18 ||    43
Block: Buckler           |    13 |    10 ||    23

Table legend: (Time is in decaauts)
 A = Elapsed time spent in this place.
 B = Non-inter-level travel time spent in this place.
 C = Inter-level travel time spent in this place.
 D = Time resting spent in this place.
 E = Time spent auto-exploring this place.
 F = Levels seen in this place.
 G = Mean time per level.
                   A        B        C        D        E       F      G
               +--------+--------+--------+--------+--------+-----+--------+
         Total |   3446 |   3339 |    107 |    134 |   2638 |   4 |  861.5 |
       Dungeon |   3446 |   3339 |    107 |    134 |   2638 |   4 |  861.5 |
               +--------+--------+--------+--------+--------+-----+--------+

Top non-repeatable levels by time:
     D:2: 1194 daAuts
     D:1: 952 daAuts
     D:3: 879 daAuts
     D:4: 419 daAuts
